 Seeded DCSS version 0.30.0-18-gc0e69614cb (webtiles) character file.

Game seed: 1882581695637917331 (custom seed)

100 drewk1942 the Magician (level 5, -4/37 HPs)
             Began as a Djinni Fire Elementalist on May 22, 2023.
             Killed from afar by Ijyb (13 damage)
             ... with an iceblast
             ... on level 3 of the Dungeon on May 23, 2023.
             The game lasted 00:03:32 (2519 turns).

drewk1942 the Magician (Djinni Fire Elementalist)   Turns: 2519, Time: 00:03:33

Health: -4/37      AC:  4    Str:  7    XL:     5   Next: 3%
Gold:   115        EV: 12    Int: 19    God:
                   SH:  0    Dex: 13

rFire   + + .        g - +0 dagger (freeze)
rCold   x . .        (no shield)
rNeg    . . .        a - +0 robe
rPois   ∞            (no helmet)
rElec   .            (no cloak)
rCorr   .            n - +1 pair of gloves
SInv    .            (boots unavailable)
Will    .....        (no amulet)
Stlth   +            (no ring)
HPRegen 0.26/turn    (no ring)
MPRegen 0.00/turn

%: infuse magic (-5 HP)
@: confused, ambrosia-drunk, flying
A: sickness immunity, fire resistance 2, cold vulnerability 1, float, innate
caster, HP casting, extra vitality 1
a: no special abilities


You were on level 3 of the Dungeon.
You visited 1 branch of the dungeon, and saw 3 of its levels.

You collected 115 gold pieces.

Inventory:

Hand Weapons
 g - a +0 dagger of freezing (weapon)
Armour
 a - a +0 robe (worn)
 n - a +1 pair of gloves (worn)
 p - a +0 kite shield
Scrolls
 c - 4 scrolls of identify
 e - 2 scrolls of magic mapping {unknown}
 h - 2 scrolls of enchant weapon {unknown}
 i - 2 scrolls of blinking {unknown}
 l - a scroll of acquirement {unknown}
 o - a scroll of poison
Potions
 d - a potion of curing {unknown}
 f - a potion of cancellation {unknown}
 j - a potion of invisibility {unknown}
 k - a potion of degeneration {unknown}
 m - a potion of might {unknown}


   Skills:
 + Level 1.5 Fighting
 + Level 3.0 Dodging
 + Level 2.3 Stealth
 * Level 3.2 Spellcasting


You knew the following spells:

 Your Spells              Type           Power      Damage    Failure   Level
a - Foxfire               Conj/Fire      60%        2x1d7     3%          1
b - Scorch                Fire           30%        2d6       6%          2
c - Volatile Blastmotes   Fire/Tloc      30%        2d12      12%         3
d - Inner Flame           Hex/Fire       15%        N/A       12%         3
e - Flame Wave            Conj/Fire      15%        2d7       36%         4
f - Summon Small Mammal   Summ           60%        N/A       3%          1
g - Static Discharge      Conj/Air       30%        2-4/arc   6%          2
Your spell library was empty.

Dungeon Overview and Level Annotations

Branches:
Dungeon (3/15)

Altars:
Wu Jian

Annotations:
D:3 Ijyb


Innate Abilities, Weirdness & Mutations

You are immune to sickness and miasma.
You are immune to poison.
Your flesh is very heat resistant. (rF++)
You are vulnerable to cold. (rC-)
You float through the air rather than walking.
You learn spells naturally, not from books.
Your magical power is your life essence.
You have superior vitality. (+4 MHP)


Message History

Confirm with . or Enter, or press ? or * to list all spells.
You can't see any susceptible monsters within range! (Use Z to cast anyway.)
An orc comes into view. It is wielding a +0 short sword.
Ijyb hits your quokka with a +0 dagger.
Your quokka dies!
Your quokka's corpse disappears in a puff of smoke!
Casting: Summon Small Mammal (safe; 3% risk of failure)
Confirm with . or Enter, or press ? or * to list all spells.
Flames lash Ijyb.
Ijyb is lightly wounded.
Ijyb's fire resistance burns away.
Ijyb zaps a wand.
The mass of ice explodes!
The iceblast engulfs you!
You feel a painful chill!
The iceblast engulfs the plant!
The plant begins to die.
You hear a shout!
Casting: Scorch (safe; 6% risk of failure)
Confirm with . or Enter, or press ? or * to list all spells.
Flames lash Ijyb.
Ijyb is burned terribly!
Ijyb is heavily wounded.
Casting: Scorch (safe; 6% risk of failure)
Confirm with . or Enter, or press ? or * to list all spells.
Flames lash Ijyb.
Ijyb is burned terribly!
Ijyb is severely wounded.
Ijyb zaps a wand.
The mass of ice explodes!
The iceblast engulfs you!
You feel a painful chill!
* * * LOW HITPOINT WARNING * * *
The iceblast engulfs the plant!
Casting: Scorch (safe; 6% risk of failure)
Confirm with . or Enter, or press ? or * to list all spells.
Flames lash Ijyb.
Ijyb is severely wounded.
* * * LOW HITPOINT WARNING * * *
Casting: Scorch (safe; 6% risk of failure)
Confirm with . or Enter, or press ? or * to list all spells.
You don't have enough health to cast this spell.
You are confused.
You feel invigorated. Ijyb closely misses you.
You're too confused to cast spells.
A nearby plant withers and dies.
Ijyb zaps a wand.
The mass of ice explodes!
The iceblast engulfs you!
You feel a painful chill!
You die...

#..## ....# #...# #...#
### ###...# ##~### .#
......# #~~♣P####....
####..# ##P~~~.go.....
....########.~♣♣..###...
......#.......~P@.....#
.##.[..#..#######.#####
.##....##.# #.#
........#.# #.#
....♣♣..#.# #.#
._..♣♣....# #.#
........### ...
........# .# ..##...##


You could see Ijyb (combustible) and an orc.

Vanquished Creatures
  Terence (D:3)
  3 adders
  2 dart slugs
  4 bats
  5 endoplasms
  3 goblins
  7 hobgoblins
  2 jackals (D:3)
  4 kobolds
  2 quokkas
  A ball python (D:2)
  2 frilled lizards (D:2)
  6 rats
42 creatures vanquished.

Vanquished Creatures (others)
  250 foxfires
250 creatures vanquished.

Grand Total: 292 creatures vanquished

Notes
Turn   | Place    | Note
-------+----------+-------------------------------------------
     0 | D:1      | drewk1942 the Djinni Fire Elementalist began the quest for
                  | the Orb.
     0 | D:1      | drewk1942 set off with the following spells memorised:
                  | Foxfire, Scorch, Volatile Blastmotes, Inner Flame, Flame
                  | Wave.
     0 | D:1      | Reached XP level 1. HP: 15/15 MP: 0/0
   491 | D:1      | Reached XP level 2. HP: 18/22 MP: 0/0
   944 | D:2      | Reached XP level 3. HP: 22/26 MP: 0/0
   944 | D:2      | Learned a level 1 spell: Summon Small Mammal
  1149 | D:2      | Reached skill level 1 in Fighting
  1437 | D:2      | Reached XP level 4. HP: 29/32 MP: 0/0
  2113 | D:3      | Noticed Terence
  2127 | D:3      | Killed Terence
  2360 | D:3      | Upgraded the game from 0.30.0-17-ge0270778cf to
                  | 0.30.0-18-gc0e69614cb
  2440 | D:3      | Found an ornate altar of the Wu Jian Council.
  2448 | D:3      | Reached XP level 5. HP: 31/37 MP: 0/0
  2448 | D:3      | Learned a level 2 spell: Static Discharge
  2509 | D:3      | Noticed Ijyb
  2519 | D:3      | Killed from afar by Ijyb

Illustrated notes

Levels and vault maps discovered:
D:1:      dpeg_arrival_erosion, layout_basic
D:2:      layout_basic, minmay_tripent
D:3:      layout_loops_ring, nicolae_wu_jian_wuxing_cycle, serial_bayou_pond_d,
          uniq_ijyb, uniq_terence

Skill      XL: |  1  2  3  4 |
---------------+-------------+-----
Stealth        | 2 |  2.3
Fighting       | 1 |  1.5
Spellcasting   | 3 |  3.2
Dodging        | 3 |  3.0

Action                     |  1- 3 |  4- 6 || total
---------------------------+-------+-------++-------
  Melee: Dagger            |    10 |       ||    10
         Unarmed           |     1 |       ||     1
   Cast: Foxfire           |    93 |    57 ||   150
         Scorch            |       |    18 ||    18
         Summon Small Mamm |       |     2 ||     2
    Use: Scroll            |     4 |       ||     4
         Potion            |       |     1 ||     1
 Armour: Robe              |     1 |     3 ||     4
  Dodge: Dodged            |     5 |     8 ||    13
